 Dungeon Crawl Stone Soup version 0.21-a0-536-gdbbf329 (webtiles) character file.

2162 mortelune the Destroyer (level 9, 0/48 HPs)
             Began as a Deep Elf Fire Elementalist on Dec 14, 2017.
             Was an Initiate of Sif Muna.
             Slain by a yak (16 damage)
             ... on level 8 of the Dungeon.
             The game lasted 00:28:00 (7003 turns).

mortelune the Destroyer (DEFE)                      Turns: 7003, Time: 00:28:00

Health: 0/48       AC: 10    Str: 11    XL:     9   Next: 10%
Magic:  4/22       EV: 14    Int: 23    God:    Sif Muna [......]
Gold:   174        SH:  0    Dex: 15    Spells: 8/23 levels left

rFire    . . .     SeeInvis .   B - +4 flail (venom)
rCold    + . .     Gourm    .   (no shield)
rNeg     . . .     Faith    +   K - +2 leather armour {rPois}
rPois    +         Spirit   .   (no helmet)
rElec    .         Reflect  .   R - +0 cloak
rCorr    .         Harm     .   z - +2 pair of gloves
MR       .....                  k - +0 pair of boots
Stlth    ++........             L - amulet of faith
HPRegen  0.16/turn              u - ring of protection from cold
MPRegen  0.18/turn              I - +5 ring of strength

@: very slightly contaminated
A: no striking features
a: Renounce Religion


You were on level 8 of the Dungeon.
You worshipped Sif Muna.
Sif Muna was noncommittal.
You were near starving.

You visited 2 branches of the dungeon, and saw 9 of its levels.

You collected 356 gold pieces.
You spent 182 gold pieces at shops.

Inventory:

Hand Weapons
 f - a +0 vampiric short sword
 t - a +0 scimitar
 B - a +4 flail of venom (weapon)
 J - a cursed -3 dagger
 O - a +0 trident of piercing
Armour
 a - a +0 robe
 k - a +0 pair of boots (worn)
 z - a +2 pair of gloves (worn)
 A - a scarf of cloud immunity
 K - a +2 leather armour of poison resistance (worn)
 R - a +0 cloak (worn)
Jewellery
 d - an uncursed ring of ice
 h - an uncursed amulet of magic regeneration
 s - an uncursed amulet of the gourmand
 u - a ring of protection from cold (left hand)
 y - an uncursed ring of protection from cold
 I - a +5 ring of strength (right hand)
 L - an amulet of faith (around neck)
Wands
 T - a wand of flame (11)
Scrolls
 g - a scroll of immolation {unknown}
 j - 3 scrolls of teleportation
 n - a scroll of remove curse
 q - a scroll of enchant weapon {unknown}
 r - 3 scrolls of enchant armour {unknown}
 x - a scroll of amnesia {unknown}
 D - a scroll of noise {unknown}
 F - 2 scrolls of fear
 M - 2 scrolls of vulnerability {unknown}
 S - a scroll of magic mapping
 V - a scroll of holy word {unknown}
Potions
 e - 2 potions of invisibility
 l - a potion of might
 m - a potion of berserk rage {unknown}
 o - 4 potions of heal wounds
 p - 2 potions of curing
 v - 2 potions of resistance
 w - a potion of agility
 C - a potion of flight {unknown}
 E - 3 potions of lignification {unknown}
 H - 2 potions of brilliance {unknown}
 N - 2 potions of degeneration {unknown}
 U - a potion of haste {unknown}
Books
 b - a book of Flames

   Spells                             Type                      Level
   a - Flame Tongue                   Conjuration/Fire             1
   b - Throw Flame                    Conjuration/Fire             2
   c - Conjure Flame                  Conjuration/Fire             3
   d - Inner Flame                    Hexes/Fire                   3
   e - Sticky Flame                   Conjuration/Fire             4
   f - Fireball                       Conjuration/Fire             5
 Q - a book of Power

   Spells                             Type                      Level
   a - Iskenderun's Battlesphere      Conjuration/Charms           5
   b - Venom Bolt                     Conjuration/Poison           5
   c - Bolt of Magma                  Conjuration/Fire/Earth       5
   d - Iron Shot                      Conjuration/Earth            6
   e - Orb of Destruction             Conjuration                  7
   f - Spellforged Servitor           Conjuration/Summoning        7
Comestibles
 c - 7 bread rations
 i - 3 fruits
 G - 3 meat rations
 P - a royal jelly


   Skills:
 + Level 2.0 Fighting
 + Level 4.1 Dodging
 - Level 2.4 Stealth
 + Level 7.7 Spellcasting
 * Level 8.5 Conjurations
 * Level 7.5 Fire Magic


You had 8 spell levels left.
You knew the following spells:

 Your Spells              Type           Power        Failure   Level  Hunger
a - Flame Tongue          Conj/Fire      #####        1%          1    None
b - Throw Flame           Conj/Fire      #####.       1%          2    None
c - Conjure Flame         Conj/Fire      #####...     1%          3    None
d - Sticky Flame          Conj/Fire      #####...     3%          4    ###....
e - Fireball              Conj/Fire      #####.....   10%         5    #####..


Dungeon Overview and Level Annotations

Branches:
Dungeon (8/15)             Temple (1/1) D:7
   Lair: D:8-11

Altars:
Dithmenos
Elyvilon
Fedhas
Gozag
Hepliaklqana
Kikubaaqudgha
Nemelex Xobeh
Ru
Sif Muna
Uskayaw
Wu Jian
Xom
Yredelemnul
The Shining One

Shops:
D:6 [([*?

Annotations:
D:7 4 runed doors


Message History

The three-headed hydra completely misses you.
The three-headed hydra bites you.
The dream sheep bites you but does no damage.
The yak gores you!
The big kobold hits the plant but does no damage.
You see here 4 fruits.
Casting: Fireball
Confirm with . or Enter, or press ? or * to list all spells.
Aiming: Sticky Flame
Press: ? - help, Shift-Dir - straight line, f - yak, p - big kobold
Aim: a yak (grey smoke, moderately wounded)
The sticky flame hits the yak.
The yak is moderately wounded.
The yak is covered in liquid flames!
The yak burns!
The three-headed hydra barely misses you.
The three-headed hydra bites you.
The three-headed hydra completely misses you.
The big kobold hits the plant but does no damage.
The yak gores you!
You die...

.#..........#.#
...#.#.........
...!........#.##
................
........<.......
..##...........
#####§########
#PP§§§§≈.#
#P≈Y@YY..#
#≈)P§D§%.#
#P≈KKYP..#
#.≈P.....#
#'###'''## #)
#..... #.
+...%%# #######


You could see a three-headed hydra, 2 yaks, 2 big kobolds and 2 dream sheep.

Vanquished Creatures
  Prince Ribbit (D:7)
  Menkaure (D:7)
  3 ogres
  A phantom (D:7)
  Blork the orc (D:6)
  3 bullfrogs (D:6)
  A big kobold (D:8)
  A scorpion (D:4)
  7 wights (D:6)
  A howler monkey (D:2)
  2 jellies
  A gnoll shaman (D:5)
  7 orc priests
  A bullfrog skeleton (D:7)
  3 hounds
  An orc wizard (D:6)
  A centaur skeleton (D:4)
  3 worker ants
  A hound zombie (D:7)
  3 gnolls (D:5)
  7 adders
  2 shadow imps
  2 oozes
  2 adder zombies
  An adder skeleton (D:6)
  A dart slug (D:2)
  2 worms
  2 leopard geckos
  33 orcs
  5 bats
  4 giant cockroaches
  3 hobgoblins (D:3)
  7 jackals
  4 ball pythons
  2 frilled lizards
  5 goblins
  A jackal zombie (D:6)
  7 kobolds
  7 rats
140 creatures vanquished.

Notes
Turn   | Place    | Note
-------+----------+-------------------------------------------
     0 | D:1      | mortelune the Deep Elf Fire Elementalist began the quest for the Orb.
     0 | D:1      | Reached XP level 1. HP: 10/10 MP: 6/6
   382 | D:1      | Reached XP level 2. HP: 15/15 MP: 6/8
   386 | D:1      | Learned a level 2 spell: Throw Flame
   849 | D:2      | Reached skill level 2 in Conjurations
   948 | D:2      | Reached XP level 3. HP: 19/19 MP: 7/10
  1200 | D:2      | Reached skill level 3 in Conjurations
  1200 | D:2      | Reached XP level 4. HP: 17/24 MP: 2/11
  1918 | D:3      | Learned a level 3 spell: Conjure Flame
  1923 | D:3      | Learned a level 4 spell: Sticky Flame
  2028 | D:3      | Found a shadowy altar of Dithmenos.
  2480 | D:3      | Reached skill level 4 in Conjurations
  2480 | D:3      | Reached XP level 5. HP: 24/28 MP: 9/13
  2785 | D:4      | Reached XP level 6. HP: 30/32 MP: 2/15
  2814 | D:4      | Reached skill level 5 in Spellcasting
  3160 | D:4      | Found a sacrificial altar of Ru.
  3694 | D:5      | Entered Level 5 of the Dungeon
  3719 | D:5      | Reached skill level 5 in Conjurations
  3808 | D:5      | Reached skill level 5 in Fire Magic
  3966 | D:5      | Reached XP level 7. HP: 36/36 MP: 5/17
  4640 | D:5      | Reached skill level 6 in Conjurations
  4752 | D:6      | Found Vycidoalio's Antique Armour Shop.
  4768 | D:6      | Noticed Blork the orc
  4776 | D:6      | Killed Blork the orc
  4813 | D:6      | Found Wajaam's Antique Weapon Shoppe.
  4972 | D:6      | Found Siececesk's General Store.
  4977 | D:6      | Reached skill level 7 in Conjurations
  5000 | D:6      | Reached XP level 8. HP: 41/41 MP: 13/20
  5033 | D:6      | Bought a scroll of teleportation for 45 gold pieces
  5072 | D:6      | Learned a level 5 spell: Fireball
  5239 | D:6      | Found Tokei's Armour Boutique.
  5329 | D:5      | Found an opulent altar of Gozag.
  5329 | D:5      | Found a shimmering altar of Xom.
  5332 | D:5      | Found an ornate altar of the Wu Jian Council.
  5701 | D:6      | Reached skill level 1 in Fighting
  5761 | D:6      | Reached skill level 8 in Conjurations
  5854 | D:6      | Found a hide-covered altar of Uskayaw.
  5876 | D:6      | Found Tuteism's Magic Scroll Shop.
  5908 | D:6      | Bought a scroll of fear for 38 gold pieces
  5908 | D:6      | Bought a scroll of identify for 22 gold pieces
  5908 | D:6      | Bought 2 scrolls of magic mapping for 77 gold pieces
  6065 | D:7      | Found a sand-covered staircase.
  6106 | D:7      | Found a glowing golden altar of the Shining One.
  6118 | D:7      | Noticed Menkaure
  6120 | D:7      | Found a blossoming altar of Fedhas.
  6125 | D:7      | Killed Menkaure
  6188 | D:7      | Found a huge runed gate.
  6189 | D:7      | Found a huge runed gate.
  6189 | D:7      | Noticed a polar bear
  6189 | D:7      | Noticed a dream sheep
  6190 | D:7      | Noticed a dream sheep
  6190 | D:7      | Found a huge runed gate.
  6190 | D:7      | Noticed a polar bear
  6190 | D:7      | Noticed a polar bear
  6190 | D:7      | Noticed a polar bear
  6191 | D:7      | Found a huge runed gate.
  6191 | D:7      | Noticed a death yak
  6192 | D:7      | Noticed a polar bear
  6210 | D:7      | Found a basalt altar of Yredelemnul.
  6299 | D:7      | Found a white marble altar of Elyvilon.
  6335 | D:7      | Found a staircase to the Ecumenical Temple.
  6388 | Temple   | Entered the Ecumenical Temple
  6402 | Temple   | Became a worshipper of Sif Muna the Loreminder
  6593 | D:7      | Noticed Prince Ribbit
  6600 | D:7      | Killed Prince Ribbit
  6600 | D:7      | Reached XP level 9. HP: 39/48 MP: 8/22
  6711 | D:7      | Noticed a polar bear
  6711 | D:7      | Noticed a polar bear
  6770 | D:7      | Found an ancient bone altar of Kikubaaqudgha.
  6998 | D:8      | Noticed a three-headed hydra
  7003 | D:8      | Slain by a yak

Vault maps used:
D:1:      dpeg_arrival_round_c
D:2:      kennysheep_decorative_pillar, kennysheep_minor_cross
D:3:      nicolae_dithmenos_shadow_blocks
D:4:      hangedman_ru_absence, first_bread
D:5:      nicolae_overflow_hidden_temple
D:6:      old_standard_altar, serial_shops, shop, shop,
          nicolae_shop_overgrown_old_shop, shop, shop, uniq_blork_the_orc
D:7:      lemuel_bear_cage, old_standard_altar, lemuel_crystal_altar,
          grunt_temple_overflow_open, elyvilon_altar_1, temple_pool_b,
          nicolae_ossuary_entry_monument, uniq_prince_ribbit1, uniq_menkaure
D:8:      hangedman_ranch, water_maze_lemuel
Temple:   nicolae_temple_hex_pool

Skill      XL: |  1  2  3  4  5  6  7  8 |
---------------+-------------------------+-----
Conjurations   | 2 3 4 5 7 8 |  8.5
Fire Magic     | 4 5 6 7 |  7.5
Spellcasting   | 4 5 6 7 |  7.7
Dodging        | 4 |  4.1
Fighting       | 2 |  2.0
Stealth        | |  2.4

Action                   |  1- 3 |  4- 6 |  7- 9 || total
-------------------------+-------+-------+-------++-------
 Cast: Flame Tongue      |    15 |    45 |    91 ||   151
       Throw Flame       |    16 |    69 |    71 ||   156
       Conjure Flame     |       |     3 |     1 ||     4
       Sticky Flame      |       |     4 |    10 ||    14
       Fireball          |       |       |     5 ||     5
  Use: Scroll            |       |     1 |     7 ||     8
  Eat: Chunk             |     1 |    10 |     9 ||    20
       Fruit             |       |       |     1 ||     1
Armor: Robe              |     1 |     3 |     5 ||     9
       Leather armour    |       |       |     3 ||     3
Dodge: Dodged            |     1 |    15 |    16 ||    32
       Rpst.: Scimitar   |       |     4 |       ||     4

Table legend:
 A = Spawn XP
 B = Non-spawn XP
 C = Spawn XP percentage of total XP
 D = Spawn monster count
 E = Non-spawn monster count
 F = Spawn count percentage of total count
 G = Total turns spent on level
                    A         B        C        D         E        F      G
               +---------+---------+-------+---------+---------+-------+---------
         Total |       0 |    3089 |   0.0 |       0 |     140 |   0.0 |  7003
               +---------+---------+-------+---------+---------+-------+---------
           D:1 |       0 |      15 |   0.0 |       0 |       9 |   0.0 |   805
           D:2 |       0 |      93 |   0.0 |       0 |      14 |   0.0 |   971
           D:3 |       0 |     137 |   0.0 |       0 |      27 |   0.0 |   929
           D:4 |       0 |     257 |   0.0 |       0 |      20 |   0.0 |  1174
           D:5 |       0 |     350 |   0.0 |       0 |      20 |   0.0 |   986
           D:6 |       0 |    1374 |   0.0 |       0 |      37 |   0.0 |  1130
           D:7 |       0 |     772 |   0.0 |       0 |      12 |   0.0 |   863
           D:8 |       0 |      91 |   0.0 |       0 |       1 |   0.0 |   111
               +---------+---------+-------+---------+---------+-------+---------
